 Dungeon Crawl Stone Soup version 0.13-a0-3110-gf6e36dc (webtiles) character file.

169 Misa the Charmwright (level 3, 0/26 HPs)
             Began as a Vampire Skald on Sept 20, 2013.
             Succumbed to poison (a potion of poison)
             ... on Level 2 of the Dungeon.
             The game lasted 00:04:46 (1284 turns).

Misa the Charmwright (Vampire Skald)                Turns: 1284, Time: 00:04:46

HP   0/26        AC  3     Str  8 (12) XL: 3   Next: 51%
MP   7/7         EV 10     Int 14      God:
Gold 120         SH  0     Dex 13      Spells:  1 memorised,  6 levels left

Res.Fire  : . . .   See Invis. : +   a - +0 falchion
Res.Cold  : . . .   Warding    : .   b - +0 leather armour
Life Prot.: . . .   Conserve   : .   (no shield)
Res.Poison: .       Res.Corr.  : .   (no helmet)
Res.Elec. : .       Clarity    : .   (no cloak)
Sust.Abil.: . .     Spirit.Shd : .   (no gloves)
Res.Mut.  : .       Stasis     : .   (no boots)
Res.Rott. : .       Flight     : .   (no amulet)
Saprovore : . . .                    (no ring)
                                     (no ring)

@: regenerating quickly, mildly poisoned, slowed, very slow, slightly resistant
to hostile enchantments, very unstealthy
A: fangs 3, see invisible, unbreathing
a: no special abilities


You were on level 2 of the Dungeon.
You were full.

You visited 1 branch of the dungeon, and saw 2 of its levels.

You collected 100 gold pieces.

Inventory:

Hand weapons
 a - a +0,+0 falchion (weapon)
Armour
 b - a +0 leather armour (worn)
Scrolls
 e - 5 scrolls of random uselessness {unknown}
 g - a scroll of fog {unknown}
 i - a scroll of teleportation {unknown}
 k - a scroll of recharging {unknown}
 l - 2 scrolls of identify {unknown}
 n - a scroll of curse jewellery {unknown}
 o - a scroll of amnesia {unknown}
Potions
 d - a potion of blood
 q - a potion of poison
Books
 c - a book of Battle

   Spells                             Type                      Level
   *Infusion                          Charms                       1
   Shroud of Golubria                 Charms/Translocation         2
   Song of Slaying                    Charms                       2
   Spectral Weapon                    Hexes/Charms                 3
   Regeneration                       Charms/Necromancy            3
   Song of Shielding                  Charms                       4


   Skills:
 + Level 2.1 Fighting
 + Level 2.3 Long Blades
 + Level 1.3 Armour
 + Level 1.4 Dodging
 + Level 2.5 Spellcasting
 + Level 3.5 Charms


You had 6 spell levels left.
You knew the following spells:

 Your Spells              Type           Power        Failure   Level  Hunger
a - Infusion              Chrm           ##....       6%          1    #......


Dungeon Overview and Level Annotations

Branches:
Dungeon (2/27)

Altars:
Elyvilon


Innate Abilities, Weirdness & Mutations

Your natural rate of healing is unusually fast.
You have razor-sharp teeth.*
You have supernaturally acute eyesight.
You can survive without breathing.*


Message History

You feel sick.
You start resting.
* * * LOW HITPOINT WARNING * * *
You feel sick.
You start resting.
* * * LOW HITPOINT WARNING * * *
You feel sick.
Drink which item? (? for menu, Esc to quit)
That liquid tasted very nasty...
You are more poisoned.
It was a potion of poison.
* * * LOW HITPOINT WARNING * * *
You feel sick.
You feel a little better.
Drink which item? (? for menu, Esc to quit)
There was something very wrong with that liquid!
You feel weakened.
It was a potion of degeneration.
Drink which item? (? for menu, Esc to quit)
You feel yourself slow down.
It was a potion of slowing.
You die...

#....# #≈r...≈≈#.
#....# ##≈..♣..≈#.
#.##.###..........
#.##......♣._.♣...
#.######......[...
####.# ##≈..♣..≈#.
#....# #≈≈...≈≈#.
#....# ###...###.
#...@# #........
####....#
#........ #....#
#........ #....#
###.#.... #.#....
........ #.......
......... ...#...
##...###. ... ##
#... ## ... .. ###


There were no monsters in sight!

Vanquished Creatures
  2 adders (D:2)
  A giant gecko (D:1)
  An ooze (D:2)
  2 bats
  A giant cockroach (D:1)
  5 goblins (D:1)
  5 hobgoblins
  2 kobolds (D:1)
  A quokka (D:2)
  A giant newt (D:1)
  6 rats
27 creatures vanquished.

Notes
Turn   | Place    | Note
--------------------------------------------------------------
     0 | D:1      | Misa, the Vampire Skald, began the quest for the Orb.
     0 | D:1      | Reached XP level 1. HP: 15/15 MP: 4/4
   274 | D:1      | Reached skill level 1 in Armour
   429 | D:1      | Reached XP level 2. HP: 21/21 MP: 6/6
  1046 | D:2      | Reached XP level 3. HP: 26/26 MP: 7/7
  1075 | D:2      | Found a white marble altar of Elyvilon.
  1282 | D:2      | HP: 1/26 [poison (a potion of poison)]
  1284 | D:2      | Succumbed to poison (a potion of poison)

Action                   || total
-------------------------++-------
Melee: Falchion          ||   110
  Use: Potion            ||     6
